 Dungeon Crawl Stone Soup version 0.31-a0-1424-g2add1c7226 (webtiles) character file.

Game seed: 12878631225189071541

1621 GloriousHammer the Firebug (level 8, -3/57 HPs)
             Began as a Demigod Fire Elementalist on Dec 26, 2023.
             Slain by an orc warrior
             ... wielding a +0 dire flail
              (10 damage)
             ... on level 7 of the Dungeon on Dec 27, 2023.
             The game lasted 00:18:26 (7405 turns).

GloriousHammer the Firebug (DgFE)                   Turns: 7405, Time: 00:18:26

Health: -3/57      AC:  7    Str: 13    XL:     8   Next: 38%
Magic:  5/18       EV: 12    Int: 21    God:
Gold:   250        SH:  0    Dex: 18    Spells: 7/16 levels left

rFire   . . .        o - +1 short sword (venom)
rCold   + + +        (no shield)
rNeg    + . .        p - +1 robe of the Forest {rElec rC+++ rN+ Str-2}
rPois   .            c - +2 hat
rElec   +            (no cloak)
rCorr   .            y - +0 pair of gloves
SInv    .            s - +0 pair of boots
Will    ++...        (no amulet)
Stlth   ++           S - +6 ring of strength
HPRegen 0.29/turn    W - ring of willpower
MPRegen 0.16/turn

%: clarity
@: very slightly contaminated
A: high MP 1, forlorn, divine attributes, claws 1, clarity, strong-willed 1
a: no special abilities


You were on level 7 of the Dungeon.
You visited 1 branch of the dungeon, and saw 7 of its levels.

You collected 365 gold pieces.
You spent 115 gold pieces at shops.

Inventory:

Hand Weapons
 b - a +0 dagger
 g - a +0 short sword
 o - a +1 short sword of venom (weapon)
Missiles
 v - a throwing net
Armour
 c - a +2 hat (worn)
 p - the +1 robe of the Forest (worn) {rElec rC+++ rN+ Str-2}
   (You found it on level 2 of the Dungeon)

   Str-2:     It affects your strength (-2).
   rC+++:     It renders you almost immune to cold.
   rElec:     It insulates you from electricity.
   rN+:       It protects you from negative energy.
 s - a +0 pair of boots (worn)
 y - a +0 pair of gloves (worn)
 A - a +0 kite shield
Jewellery
 C - a ring of ice
 S - a +6 ring of strength (left hand)
 W - a ring of willpower (right hand)
Wands
 E - a wand of polymorph (8)
Scrolls
 d - 2 scrolls of enchant armour {unknown}
 e - a scroll of teleportation {unknown}
 j - a scroll of amnesia {unknown}
 k - 2 scrolls of noise {unknown}
 l - 2 scrolls of silence {unknown}
 m - 3 scrolls of identify {unknown}
 n - a scroll of revelation {unknown}
 r - a scroll of torment {unknown}
Potions
 a - a potion of invisibility {unknown}
 f - a potion of ambrosia {unknown}
 h - 2 potions of degeneration {unknown}
 i - 2 potions of enlightenment
 q - a potion of mutation
 t - a potion of might {unknown}
 u - a potion of berserk rage {unknown}
 x - a potion of haste {unknown}
 z - a potion of attraction {unknown}
 B - a potion of lignification {unknown}
 D - a potion of curing {unknown}


   Skills:
 + Level 4.1(5.0) Short Blades
 + Level 4.2(5.1) Long Blades
 - Level 1.9 Dodging
 - Level 2.0 Stealth
 + Level 4.8 Spellcasting
 - Level 2.0 Conjurations
 - Level 2.0 Hexes
 - Level 2.0 Translocations
 + Level 5.1 Fire Magic


You had 7 spell levels left.
You knew the following spells:

 Your Spells              Type           Power      Damage    Failure   Level
a - Foxfire               Conj/Fire      80%        2x1d8     2%          1
b - Scorch                Fire           52%        2d7       1%          2
c - Inner Flame           Hex/Fire       20%        N/A       8%          3
d - Volatile Blastmotes   Fire/Tloc      40%        2d13      8%          3

Your spell library contained the following spells:

 Spells                   Type           Power      Damage    Failure   Level
 Jinxbite                 Hex            26%        N/A       8%          2
 Summon Guardian Golem    Hex/Summ       9%         N/A       22%         3
 Flame Wave               Conj/Fire      20%        2d7       26%         4
 Yara's Violent Unravell  Hex/Alch       4%         3d4       90%         5
 Enfeeble                 Hex            6%         N/A       100%        7
 Orb of Destruction       Conj           6%         9d6       100%        7
 Spellforged Servitor     Conj/Summ      4%         N/A       100%        7


Dungeon Overview and Level Annotations

Branches:
Dungeon (7/15)             Temple (0/1) D:4

Shops:
D:3 :   D:4 [   D:5 **   D:6 [

Annotations:
D:4 exclusion: downstairs, Eustachio
D:5 exclusion: downstairs
D:6 Jeremiah


Innate Abilities, Weirdness & Mutations

You have an increased reservoir of magic. (+10% MP)
You shall have no god before yourself.
Your divine heritage dramatically boosts your attributes as you level up.
You have sharp fingernails.
You possess an exceptional clarity of mind.
You are strong-willed. (Will+)


Message History

The centaur shoots an arrow.
The arrow hits you!
The centaur shoots an arrow.
The arrow barely misses you.
The centaur shoots an arrow.
The arrow hits you!
The centaur shoots an arrow.
The arrow barely misses you.
The centaur shoots an arrow.
The arrow misses you.
The centaur shoots an arrow.
The arrow misses you.
The centaur shoots an arrow.
The arrow barely misses you.
The centaur shoots an arrow.
The arrow hits you!
The centaur shoots an arrow.
The arrow closely misses you.
As you read the scroll of fog, it dissolves into smoke.
The centaur shoots an arrow.
The arrow hits you!
The centaur shoots an arrow.
The arrow hits you.
The centaur shoots an arrow.
The arrow barely misses you.
The centaur shoots an arrow.
The arrow barely misses you.
The centaur unwields a +0 orcbow.
The centaur hits you but does no damage.
The centaur kicks you but does no damage.
The centaur barely misses you. The centaur closely misses you.
You barely miss the centaur. The centaur hits you.
* * * LOW HITPOINT WARNING * * *
The centaur kicks you but does no damage.
Casting: Scorch (safe; 1% risk of failure)
Confirm with . or Enter, or press ? or * to list all spells.
Flames lash the centaur.
The centaur is moderately wounded.
The centaur's fire resistance burns away.
You hear a shout!
The centaur hits you.
* * * LOW HITPOINT WARNING * * *
The centaur kicks you but does no damage.
Casting: Scorch (safe; 1% risk of failure)
Confirm with . or Enter, or press ? or * to list all spells.
Flames lash the centaur.
The centaur is burned terribly!
You kill the centaur!
You start resting.
Unknown command.
An orc warrior is nearby!
You see here a +0 short sword.
There is a stone staircase leading up here.
You climb upwards.
Level annotation: Jeremiah
There is a stone staircase leading down here.
Saving game... please wait.
Level annotation: Jeremiah Welcome back, GloriousHammer the Demigod Fire Elementalist.
Press ? for a list of commands and other information.
You start resting.
Magic restored.
There is a stone staircase leading down here.
You start resting.
HP restored.
There is a stone staircase leading down here.
You climb downwards.
The orc warrior completely misses you.
The orc warrior hits you with a +0 dire flail!
There is a stone staircase leading up here.
Cast which spell? (? or * to list) Flames lash the orc warrior.
The orc warrior is lightly wounded.
The orc warrior's fire resistance burns away.
The orc warrior barely misses you.
Casting: Scorch (safe; 1% risk of failure)
Confirm with . or Enter, or press ? or * to list all spells.
Flames lash the orc warrior.
The orc warrior is lightly wounded.
The orc warrior closely misses you.
Casting: Scorch (safe; 1% risk of failure)
Confirm with . or Enter, or press ? or * to list all spells.
Flames lash the orc warrior.
The orc warrior is burned terribly!
The orc warrior is moderately wounded.
The orc warrior barely misses you.
Casting: Scorch (safe; 1% risk of failure)
Confirm with . or Enter, or press ? or * to list all spells.
Flames lash the orc warrior but do no damage.
The orc warrior hits you with a +0 dire flail!
Casting: Scorch (safe; 1% risk of failure)
Confirm with . or Enter, or press ? or * to list all spells.
Flames lash the orc warrior.
The orc warrior is burned terribly!
The orc warrior is heavily wounded.
You hear a shout!
The orc warrior barely misses you.
Casting: Scorch (safe; 1% risk of failure)
Confirm with . or Enter, or press ? or * to list all spells.
Flames lash the orc warrior but do no damage.
The orc warrior hits you with a +0 dire flail!
* * * LOW HITPOINT WARNING * * *
Casting: Scorch (safe; 1% risk of failure)
Confirm with . or Enter, or press ? or * to list all spells.
You miscast Scorch.
You are very lightly contaminated with residual magic.
Nothing appears to happen.
The orc warrior hits you with a +0 dire flail!
* * * LOW HITPOINT WARNING * * *
Casting: Scorch (safe; 1% risk of failure)
Confirm with . or Enter, or press ? or * to list all spells.
Okay, then.
Okay, then.
Okay, then.
Okay, then.
The orc warrior hits you with a +0 dire flail!
You die...

#####..# ##......#
#........ ##........
#.........
#..o...).. ####
#.........
#..########.........
#.o@...)o......)....
########......))....
#####........
##....... #....[..
##...... ##....#
##.(.# #####


You could see an orc warrior (combustible) and an orc.

Vanquished Creatures
  An acid dragon (D:6)
  A sky beast (D:5)
  An ogre (D:5)
  2 black bears
  A centaur (D:7)
  A phantom (D:5)
  A bullfrog (D:6)
  4 scorpions
  A bombardier beetle (D:6)
  2 jellies
  A gnoll bouda (D:7)
  3 orc priests
  2 hounds
  3 iguanas
  Jessica (D:3)
  3 orc wizards
  Robin (D:3)
  11 gnolls
  A shadow imp (D:7)
  A worm (D:4)
  7 dart slugs
  18 orcs
  5 bats
  6 endoplasms
  2 giant cockroaches
  11 goblins
  9 hobgoblins
  13 jackals
  A quokka (D:1)
  7 ball pythons
  3 frilled lizards
  7 kobolds
  A rat (D:1)
132 creatures vanquished.

Vanquished Creatures (collateral kills)
  2 foxfires
2 creatures vanquished.

Vanquished Creatures (others)
  215 foxfires
215 creatures vanquished.

Grand Total: 349 creatures vanquished

Notes
Turn   | Place    | Note
-------+----------+-------------------------------------------
     0 | D:1      | GloriousHammer the Demigod Fire Elementalist began the
                  | quest for the Orb.
     0 | D:1      | Reached XP level 1. HP: 14/14 MP: 5/5
    17 | D:1      | Reached skill level 1 in Conjurations
   162 | D:1      | Reached XP level 2. HP: 20/20 MP: 4/7
   165 | D:1      | Learned a level 2 spell: Scorch
   661 | D:1      | Reached skill level 3 in Fire Magic
  1030 | D:2      | Identified the +1 robe of the Forest {rElec rC+++ rN+
                  | Str-2}
  1193 | D:2      | Reached XP level 3. HP: 24/26 MP: 0/8
  2483 | D:3      | Noticed Robin
  2493 | D:3      | Killed Robin
  2517 | D:3      | Reached XP level 4. HP: 33/33 MP: 2/10
  2680 | D:3      | Learned a level 3 spell: Inner Flame
  2695 | D:3      | Found Hiki's Book Shoppe.
  2894 | D:3      | Noticed Jessica
  2942 | D:3      | Killed Jessica
  3468 | D:4      | Noticed Eustachio
  3709 | D:4      | Reached skill level 1 in Long Blades
  3709 | D:4      | Reached skill level 1 in Hexes
  3709 | D:4      | Reached XP level 5. HP: 38/38 MP: 6/12
  3877 | D:4      | Learned a level 3 spell: Volatile Blastmotes
  3983 | D:4      | Found a staircase to the Ecumenical Temple.
  4026 | D:4      | Found Iczyseti's Armour Shop.
  4035 | D:4      | Reached skill level 1 in Short Blades
  4165 | D:4      | Noticed a black bear
  4170 | D:4      | Killed a black bear
  4171 | D:4      | Reached skill level 1 in Translocations
  4171 | D:4      | Reached XP level 6. HP: 45/45 MP: 6/13
  4335 | D:5      | Entered Level 5 of the Dungeon
  4361 | D:5      | Reached skill level 4 in Fire Magic
  4702 | D:5      | Reached XP level 7. HP: 36/50 MP: 1/15
  4857 | D:5      | Found Noduper's General Store.
  4878 | D:5      | Found Oriorgh's Specific Store.
  4885 | D:5      | Bought a scroll of fog for 40 gold pieces
  4885 | D:5      | Bought a scroll of blinking for 75 gold pieces
  5314 | D:6      | Noticed Jeremiah
  5315 | D:6      | Upgraded the game from 0.31-a0-1405-g2bb1a01664 to
                  | 0.31-a0-1424-g2add1c7226
  5824 | D:6      | Found Quruinuf's Antique Armour Boutique.
  5849 | D:6      | Reached skill level 5 in Fire Magic
  6051 | D:6      | Gained mutation: You are strong-willed. (Will+) [potion of
                  | mutation]
  6051 | D:6      | Gained mutation: You have sharp fingernails. [potion of
                  | mutation]
  6051 | D:6      | Gained mutation: You possess an exceptional clarity of
                  | mind. [potion of mutation]
  6485 | D:6      | Reached XP level 8. HP: 57/57 MP: 12/17
  7405 | D:7      | Slain by an orc warrior

Illustrated notes

Levels and vault maps discovered:
D:1:      ldierk_walled_garden_2, layout_rooms, corner_web_ring,
          columned_hall_lemuel
D:2:      layout_loops_corners
D:3:      layout_rooms, okawaru_metal_pillars_1_2, kennysheep_slug_shrine,
          mainiacjoe_overflow_surrounded_room, serial_forest,
          infiniplex_forest_lined_corner, infiniplex_forest_clump_medium,
          infiniplex_forest_zigzag_1, infiniplex_forest_clump_double,
          infiniplex_forest_corner_1, serial_shops,
          nicolae_shop_just_a_little_nook, uniq_jessica, uniq_robin
D:4:      layout_loops_cross, yredelemnul_altar_generic,
          minmay_temple_entry_offerings, serial_shops, shop, uniq_eustachio
D:5:      layout_basic, nicolae_specific_store
D:6:      layout_loops_corners, mainiacjoe_overflow_alcove_2, serial_shops,
          shop, uniq_jeremiah
D:7:      layout_cave_pods

Skill      XL: |  1  2  3  4  5  6  7  8 |
---------------+-------------------------+-----
Conjurations   | 1 2 |  2.0
Stealth        | 2 |  2.0
Spellcasting   | 2 3 4 |  4.8
Fire Magic     | 3 4 5 |  5.1
Long Blades    | 1 2 3 4 |  4.2
Hexes          | 1 2 |  2.0
Short Blades   | 1 2 3 4 |  4.1
Translocations | 1 2 |  2.0
Dodging        | |  1.9

Action                     |  1- 3 |  4- 6 |  7- 9 || total
---------------------------+-------+-------+-------++-------
  Melee: Unarmed           |     1 |       |       ||     1
         Short sword       |    30 |    15 |    20 ||    65
   Cast: Foxfire           |    52 |    60 |    26 ||   138
         Scorch            |    32 |    34 |    74 ||   140
         Volatile Blastmot |       |       |     1 ||     1
         Inner Flame       |       |       |     1 ||     1
    Use: Potion            |     1 |       |     2 ||     3
         Scroll            |       |       |     2 ||     2
 Armour: Robe              |    34 |    15 |    45 ||    94
  Dodge: Dodged            |    41 |    23 |    38 ||   102

Table legend: (Time is in decaauts)
 A = Elapsed time spent in this place.
 B = Non-inter-level travel time spent in this place.
 C = Inter-level travel time spent in this place.
 D = Time resting spent in this place.
 E = Time spent auto-exploring this place.
 F = Levels seen in this place.
 G = Mean time per level.
                   A        B        C        D        E       F      G
               +--------+--------+--------+--------+--------+-----+--------+
         Total |   7402 |   7074 |    328 |    821 |   5214 |   7 | 1057.4 |
       Dungeon |   7402 |   7074 |    328 |    821 |   5214 |   7 | 1057.4 |
               +--------+--------+--------+--------+--------+-----+--------+

Top non-repeatable levels by time:
     D:6: 1550 daAuts
     D:2: 1314 daAuts
     D:5: 1196 daAuts
     D:3: 1079 daAuts
     D:4: 983 daAuts
     D:1: 975 daAuts
     D:7: 303 daAuts
